NYP
LOWELL SPINNERS @ MAHONING VALLEY SCRAPPERS
09/06/2045
 
TOP OF THE 1ST
Lowell Spinners batting - Pitching for Mahoning Valley Scrappers : RHP Rafael Borja
Pitching: RHP Rafael Borja
Batting: RHB Dan Sorrow 0-0: Called Strike
0-1: SINGLE (Groundball, 4MD, EV 97.5 MPH)
Batting: RHB Nick Cottrell 0-0: Ball
Dan Sorrow steals 2nd base
1-0: Ball
2-0: DOUBLE (Flyball, 8RXD, EV 95.0 MPH)
Dan Sorrow scores
Batting: LHB Nelis Geurts 0-0: Called Strike
0-1: Called Strike
0-2: Foul Ball, location: 2F
0-2: Fly out, F8 (Line Drive, 8RM, EV 96.9 MPH)
Runner from 2nd tags up, SAFE at 3rd with throw by CF
Batting: LHB Danny Montoya 0-0: Ball
1-0: Foul Ball, location: 2F
1-1: Ball
2-1: Foul Ball, location: 2F
2-2: Foul Ball, location: 2F
Balk!
Nick Cottrell scores
2-2: DOUBLE (Line Drive, 9LS, EV 98.8 MPH)
Batting: RHB Curt Stallings 0-0: 2-RUN HOME RUN (Flyball, 7D, EV 94.4 MPH), Distance : 373 ft
Batting: SHB Eric Evans 0-0: Foul Ball, location: 2F
0-1: Called Strike
0-2: Foul Ball, location: 2F
0-2: Ball
1-2: Ball
2-2: Ball
3-2: Base on Balls
Batting: RHB Mike Strey 0-0: Ball
Eric Evans steals 2nd base
1-0: Ball
2-0: Foul Ball, location: 2F
2-1: Swinging Strike
2-2: SINGLE (Line Drive, 4MD, EV 98.1 MPH)
Eric Evans to third
Runner from 3rd tries for Home, SAFE, throw by CF to home
Batting: RHB Erik Nunez 0-0: Ball
1-0: Called Strike
1-1: Ground out 5-3 (Groundball, 56S, EV 69.4 MPH)
Mike Strey to second
Batting: RHB Jose Conde Balk!
Mike Strey to third
0-0: Fly out, F8 (Flyball, 8RD, EV 101.2 MPH)
Top of the 1st over - 5 runs, 5 hits, 0 errors, 1 left on base; Lowell 5 - Mahoning Valley 0
BOTTOM OF THE 1ST
Mahoning Valley Scrappers batting - Pitching for Lowell Spinners : RHP Victor Escobar
Pitching: RHP Victor Escobar
Batting: RHB Edolf Vlemmings 0-0: Ball
1-0: Ball
2-0: Ground out 6-3 (Groundball, 6, EV 97.5 MPH)
Batting: RHB Egidius Kruger 0-0: Ball
1-0: Fly out, F8 (Line Drive, 8LM, EV 103.1 MPH)
Batting: RHB Mike Sims 0-0: Ball
1-0: Swinging Strike
1-1: Ball
2-1: Ball
3-1: Called Strike
3-2: Fly out, F8 (Line Drive, 8RM, EV 93.1 MPH)
Bottom of the 1st over - 0 runs, 0 hits, 0 errors, 0 left on base; Lowell 5 - Mahoning Valley 0
TOP OF THE 2ND
Lowell Spinners batting - Pitching for Mahoning Valley Scrappers : RHP Rafael Borja
Batting: RHB Dan Sorrow 0-0: Ball
1-0: Ball
2-0: Ball
3-0: Foul Ball, location: 2F
3-1: DOUBLE (Line Drive, 5D, EV 96.9 MPH)
Batting: RHB Nick Cottrell 0-0: Ball
1-0: Called Strike
1-1: Called Strike
1-2: SINGLE (Groundball, 56D, EV 99.4 MPH)
Dan Sorrow to third
Throwing error, E7
Dan Sorrow scores
Nick Cottrell to second
Batting: LHB Nelis Geurts 0-0: Foul Ball, location: 2F
0-1: Swinging Strike
0-2: SINGLE (Groundball, 13S, EV 65.6 MPH) (infield hit)
Nick Cottrell to third
Batting: LHB Danny Montoya 0-0: Ball
1-0: Called Strike
Nelis Geurts steals 2nd base
1-1: Ball
Wild Pitch!
Nick Cottrell scores
Nelis Geurts to third
2-1: Fly out, F3 (Popup, 3F, EV 71.9 MPH)
Batting: RHB Curt Stallings 0-0: Ball
1-0: Swinging Strike
1-1: SINGLE (Groundball, 6D, EV 98.1 MPH)
Nelis Geurts scores
Pitching: RHP Zach Robbins
Batting: SHB Eric Evans 0-0: Reached on error, E8 (Flyball, 8RM, EV 91.2 MPH)
Curt Stallings to second
Batting: RHB Mike Strey 0-0: Called Strike
0-1: SINGLE (Groundball, 6MD, EV 100.6 MPH)
Curt Stallings to third
Eric Evans to second
Runner from 3rd tries for Home, SAFE, throw by CF to home
Batting: RHB Erik Nunez 0-0: Ball
1-0: SINGLE (Groundball, 6MD, EV 103.1 MPH)
Eric Evans to third
Mike Strey to second
Runner from 3rd tries for Home, SAFE, throw by CF to home
Batting: RHB Jose Conde 0-0: Ball
1-0: Ball
2-0: Ball
3-0: Base on Balls
Mike Strey to third
Erik Nunez to second
Batting: RHB Dan Sorrow 0-0: Ball
1-0: Called Strike
1-1: Ball
2-1: Ball
3-1: Base on Balls
Mike Strey scores
Erik Nunez to third
Jose Conde to second
Batting: RHB Nick Cottrell 0-0: Ball
Wild Pitch!
Erik Nunez scores
Jose Conde to third
Dan Sorrow to second
1-0: Ball
2-0: Called Strike
2-1: Foul Ball, location: 2F
2-2: TRIPLE (Flyball, 89XD, EV 93.8 MPH)
Jose Conde scores
Dan Sorrow scores
Pitching: LHP Bertrand Preece
Batting: LHB Nelis Geurts 0-0: Swinging Strike
0-1: Called Strike
0-2: Ball
1-2: Ball
2-2: Fly out, F9 (Flyball, 89S, EV 93.8 MPH)
Batting: LHB Danny Montoya 0-0: Ball
1-0: Ground out 4-3 (Groundball, 4, EV 85.0 MPH)
Top of the 2nd over - 9 runs, 7 hits, 2 errors, 1 left on base; Lowell 14 - Mahoning Valley 0
BOTTOM OF THE 2ND
Mahoning Valley Scrappers batting - Pitching for Lowell Spinners : RHP Victor Escobar
Batting: SHB Charlie Diesel 0-0: Called Strike
0-1: Foul Ball, location: 2F
0-2: Fly out, F7 (Flyball, 7LS, EV 86.2 MPH)
Batting: LHB Tommy Williams 0-0: Called Strike
0-1: SINGLE (Groundball, 3D, EV 100.6 MPH)
Batting: RHB Santos Guadalupe 0-0: Ball
Tommy Williams steals 2nd base (no throw)
1-0: Called Strike
1-1: Ball
2-1: Foul Ball, location: 2F
2-2: Ball
3-2: Foul Ball, location: 2F
3-2: Ground out 6-3 (Groundball, 56, EV 81.2 MPH)
Batting: RHB Zachary Sidney 0-0: Foul Ball, location: 2F
0-1: Ground out 6-3 (Groundball, 6, EV 105.0 MPH)
Bottom of the 2nd over - 0 runs, 1 hit, 0 errors, 1 left on base; Lowell 14 - Mahoning Valley 0
TOP OF THE 3RD
Lowell Spinners batting - Pitching for Mahoning Valley Scrappers : LHP Bertrand Preece
Batting: RHB Curt Stallings 0-0: Ball
1-0: Ball
2-0: Ball
3-0: Base on Balls
Batting: SHB Eric Evans 0-0: Ball
1-0: Called Strike
1-1: Fly out, F7 (Line Drive, 7, EV 89.4 MPH)
Batting: RHB Mike Strey 0-0: Ball
1-0: Called Strike
1-1: Ball
2-1: SINGLE (Groundball, 13, EV 85.0 MPH) (infield hit)
Curt Stallings to second
Batting: RHB Erik Nunez 0-0: Ball
1-0: Ball
2-0: Called Strike
2-1: Fielders Choice at 2nd, 1-6 (Groundball, 13S, EV 68.8 MPH)
Curt Stallings to third
Batting: RHB Jose Conde 0-0: Ball
1-0: Called Strike
1-1: Ball
2-1: Foul Ball, location: 2F
2-2: Ball
Wild Pitch!
Curt Stallings scores
Erik Nunez to second
3-2: Base on Balls
Batting: RHB Dan Sorrow 0-0: Ground out 4-3 (Groundball, 4, EV 83.8 MPH)
Top of the 3rd over - 1 run, 1 hit, 0 errors, 2 left on base; Lowell 15 - Mahoning Valley 0
BOTTOM OF THE 3RD
Mahoning Valley Scrappers batting - Pitching for Lowell Spinners : RHP Victor Escobar
Batting: RHB David Young 0-0: Foul Ball, location: 2F
0-1: Ball
1-1: Ball
2-1: Swinging Strike
2-2: Foul Ball, location: 2F
2-2: Fly out, F3 (Line Drive, 3, EV 65.0 MPH)
Batting: RHB Nelson Trujillo 0-0: Hit by Pitch
Batting: RHB Edolf Vlemmings 0-0: Fielders Choice at 2nd, 4-6 (Groundball, 34, EV 86.9 MPH)
Batting: RHB Egidius Kruger 0-0: Ball
Edolf Vlemmings steals 2nd base
1-0: DOUBLE (Line Drive, 7LS, EV 113.8 MPH)
Edolf Vlemmings scores
Batting: RHB Mike Sims 0-0: Called Strike
0-1: Foul Ball, location: 2F
0-2: Strikes out swinging
Bottom of the 3rd over - 1 run, 1 hit, 0 errors, 1 left on base; Lowell 15 - Mahoning Valley 1
TOP OF THE 4TH
Lowell Spinners batting - Pitching for Mahoning Valley Scrappers : LHP Bertrand Preece
Batting: RHB Nick Cottrell 0-0: Ground out 4-3 (Groundball, 4, EV 90.6 MPH)
Batting: LHB Nelis Geurts 0-0: Ball
1-0: Foul Ball, location: 2F
1-1: Called Strike
1-2: Ball
2-2: Ground out 5-3 (Groundball, 56, EV 89.4 MPH)
Batting: LHB Danny Montoya 0-0: Called Strike
0-1: Ball
1-1: Ball
2-1: Ball
3-1: Base on Balls
Batting: RHB Curt Stallings 0-0: Called Strike
0-1: Ball
1-1: SINGLE (Groundball, 6D, EV 100.0 MPH)
Danny Montoya to second
Batting: SHB Eric Evans 0-0: Ball
1-0: Ball
2-0: Called Strike
2-1: Ball
3-1: Foul Ball, location: 2F
3-2: Foul Ball, location: 2F
3-2: Foul Ball, location: 2F
3-2: Ground out U3 (Groundball, 13, EV 78.8 MPH)
Top of the 4th over - 0 runs, 1 hit, 0 errors, 2 left on base; Lowell 15 - Mahoning Valley 1
BOTTOM OF THE 4TH
Mahoning Valley Scrappers batting - Pitching for Lowell Spinners : RHP Victor Escobar
Batting: SHB Charlie Diesel 0-0: Foul Ball, location: 2F
0-1: Ball
1-1: Foul Ball, location: 2F
1-2: Foul Ball, location: 2F
1-2: Strikes out looking
Batting: LHB Tommy Williams 0-0: Called Strike
0-1: Ball
1-1: SINGLE (Flyball, 3D, EV 96.9 MPH)
Batting: RHB Santos Guadalupe 0-0: SINGLE (Groundball, 4MD, EV 94.4 MPH)
Tommy Williams to second
Batting: RHB Zachary Sidney 0-0: Ball
1-0: Called Strike
1-1: Ground out 5-3 (Groundball, 5S, EV 63.8 MPH)
Tommy Williams to third
Santos Guadalupe to second
Batting: RHB David Young 0-0: Ground out 6-3 (Groundball, 6, EV 81.9 MPH)
Bottom of the 4th over - 0 runs, 2 hits, 0 errors, 2 left on base; Lowell 15 - Mahoning Valley 1
TOP OF THE 5TH
Lowell Spinners batting - Pitching for Mahoning Valley Scrappers : LHP Bertrand Preece
Pitching: RHP John Gernaat
Batting: RHB Mike Strey 0-0: Ball
1-0: Ball
2-0: Called Strike
2-1: Swinging Strike
2-2: Strikes out looking
Batting: RHB Erik Nunez 0-0: Ball
1-0: Ball
2-0: Called Strike
2-1: Swinging Strike
2-2: SINGLE (Line Drive, 34D, EV 100.6 MPH)
Batting: RHB Jose Conde 0-0: Foul Ball, location: 2F
0-1: Called Strike
0-2: Strikes out swinging
Batting: RHB Dan Sorrow 0-0: Ball
1-0: Ball
2-0: Swinging Strike
2-1: Reached on error, E5 (Groundball, 5L, EV 106.2 MPH)
Erik Nunez to third
Batting: RHB Nick Cottrell 0-0: Ball
1-0: Ball
2-0: Ball
3-0: Base on Balls
Batting: LHB Nelis Geurts 0-0: Ground out 1-3 (Groundball, 13, EV 68.8 MPH)
Top of the 5th over - 0 runs, 1 hit, 1 error, 3 left on base; Lowell 15 - Mahoning Valley 1
BOTTOM OF THE 5TH
Mahoning Valley Scrappers batting - Pitching for Lowell Spinners : RHP Victor Escobar
Batting: RHB Nelson Trujillo 0-0: Ball
1-0: Ball
2-0: Called Strike
2-1: Ball
3-1: Foul Ball, location: 2F
3-2: Ground out 3-1 (Groundball, 34, EV 82.5 MPH)
Batting: RHB Edolf Vlemmings 0-0: Ball
1-0: Foul Ball, location: 2F
1-1: Ball
2-1: TRIPLE (Flyball, 78XD, EV 99.4 MPH)
Batting: RHB Egidius Kruger 0-0: Called Strike
0-1: DOUBLE (Flyball, 78D, EV 104.4 MPH)
Edolf Vlemmings scores
Batting: RHB Mike Sims 0-0: Ball
1-0: Swinging Strike
1-1: Called Strike
1-2: Fly out, F8 (Flyball, 8LM, EV 89.4 MPH)
Batting: SHB Charlie Diesel 0-0: Ball
1-0: Ball
2-0: Foul Ball, location: 2F
2-1: Swinging Strike
2-2: Strikes out swinging
Bottom of the 5th over - 1 run, 2 hits, 0 errors, 1 left on base; Lowell 15 - Mahoning Valley 2
TOP OF THE 6TH
Lowell Spinners batting - Pitching for Mahoning Valley Scrappers : RHP John Gernaat
Batting: LHB Danny Montoya 0-0: Ball
1-0: Foul Ball, location: 2F
1-1: Ball
2-1: Foul Ball, location: 2F
2-2: Ball
3-2: Base on Balls
Batting: RHB Curt Stallings 0-0: Called Strike
0-1: Ball
Wild Pitch!
Danny Montoya to second
1-1: Swinging Strike
1-2: Strikes out swinging, 2-3 out at first.
Batting: SHB Eric Evans 0-0: Ball
1-0: Called Strike
1-1: Called Strike
1-2: Ball
2-2: Ground out 5-3 (Groundball, 5, EV 88.8 MPH)
Batting: RHB Mike Strey 0-0: Swinging Strike
0-1: Single, Error in OF, E8, batter to second base (Line Drive, 8RM, EV 106.9 MPH)
Danny Montoya scores
Batting: RHB Erik Nunez 0-0: Ball
1-0: Foul Ball, location: 2F
1-1: DOUBLE (Line Drive, 78XD, EV 105.6 MPH)
Mike Strey scores
Batting: RHB Jose Conde 0-0: Ball
1-0: Called Strike
1-1: Called Strike
1-2: Fly out, F9 (Flyball, 89M, EV 84.4 MPH)
Top of the 6th over - 2 runs, 2 hits, 1 error, 1 left on base; Lowell 17 - Mahoning Valley 2
BOTTOM OF THE 6TH
Mahoning Valley Scrappers batting - Pitching for Lowell Spinners : RHP Victor Escobar
Pitching: RHP Larry Cassano
Batting: LHB Tommy Williams 0-0: Ball
1-0: Foul Ball, location: 2F
1-1: Ball
2-1: Ball
3-1: Foul Ball, location: 2F
3-2: SINGLE (Line Drive, 8LS, EV 110.6 MPH)
Batting: RHB Santos Guadalupe 0-0: Called Strike
0-1: Fly out, F7 (Line Drive, 7, EV 93.1 MPH)
Batting: RHB Zachary Sidney 0-0: Ball
1-0: Called Strike
1-1: Fly out, F9 (Flyball, 9S, EV 77.5 MPH)
Batting: RHB David Young 0-0: Ball
Tommy Williams steals 2nd base (no throw)
1-0: Ground out 5-3 (Groundball, 5, EV 85.6 MPH)
Bottom of the 6th over - 0 runs, 1 hit, 0 errors, 1 left on base; Lowell 17 - Mahoning Valley 2
TOP OF THE 7TH
Lowell Spinners batting - Pitching for Mahoning Valley Scrappers : RHP John Gernaat
Batting: RHB Dan Sorrow 0-0: Ball
1-0: Ball
2-0: Ball
3-0: Called Strike
3-1: Base on Balls
Pitching: RHP Allen Wozniak
Pinch Hitting: RHB Ted Emmerich 0-0: Ball
1-0: Foul Ball, location: 2F
1-1: Fielders Choice at 2nd, 6-4 (Groundball, 6, EV 104.4 MPH)
Batting: LHB Nelis Geurts 0-0: Called Strike
0-1: Ball
1-1: Ball
2-1: SINGLE (Groundball, 34D, EV 106.9 MPH)
Ted Emmerich to second
Pinch Hitting: SHB Jared Snyder 0-0: Ball
1-0: Called Strike
1-1: Foul Ball, location: 2F
1-2: Ball
2-2: Foul Ball, location: 2F
2-2: Foul Ball, location: 2F
2-2: Foul Ball, location: 2F
2-2: Ball
Balk!
Ted Emmerich to third
Nelis Geurts to second
3-2: Fly out, F8 (Flyball, 8RS, EV 88.8 MPH)
Batting: RHB Curt Stallings 0-0: Called Strike
0-1: Foul Ball, location: 2F
0-2: Foul Ball, location: 2F
0-2: Ground out 3-1 (Groundball, 34, EV 101.2 MPH)
Top of the 7th over - 0 runs, 1 hit, 0 errors, 2 left on base; Lowell 17 - Mahoning Valley 2
BOTTOM OF THE 7TH
Mahoning Valley Scrappers batting - Pitching for Lowell Spinners : RHP Larry Cassano
Now at 1B: Josh Graham
Now at SS: Ted Emmerich
Batting: RHB Nelson Trujillo 0-0: Foul Ball, location: 2F
0-1: Ball
1-1: Foul Ball, location: 2F
1-2: Reached via error on a dropped throw from SS, E3 (Groundball, 6, EV 104.4 MPH)
Batting: RHB Edolf Vlemmings 0-0: Foul Ball, location: 2F
0-1: Foul Ball, location: 2F
0-2: Ball
1-2: Strikes out swinging
Batting: RHB Egidius Kruger 0-0: Foul Ball, location: 2F
0-1: Ball
1-1: Foul Ball, location: 2F
1-2: Ball
2-2: Foul Ball, location: 2F
2-2: Strikes out swinging
Batting: RHB Mike Sims 0-0: Called Strike
0-1: Foul Ball, location: 2F
0-2: Ball
Nelson Trujillo steals 2nd base (no throw)
1-2: Ball
2-2: Foul Ball, location: 2F
2-2: 2-RUN HOME RUN (Flyball, 78XD, EV 100.0 MPH), Distance : 415 ft
Pinch Hitting: RHB Alex Salerno 0-0: Called Strike
0-1: Called Strike
0-2: Ball
1-2: Strikes out swinging
Bottom of the 7th over - 2 runs, 1 hit, 1 error, 0 left on base; Lowell 17 - Mahoning Valley 4
TOP OF THE 8TH
Lowell Spinners batting - Pitching for Mahoning Valley Scrappers : RHP Allen Wozniak
Now at 1B: Alex Salerno
Batting: SHB Eric Evans 0-0: Foul Ball, location: 2F
0-1: SINGLE (Groundball, P, EV 86.9 MPH) (infield hit)
Batting: RHB Mike Strey 0-0: Ball
Balk!
Eric Evans to second
1-0: Ball
2-0: 2-RUN HOME RUN (Flyball, 9LD, EV 96.2 MPH), Distance : 353 ft
Batting: RHB Erik Nunez 0-0: Called Strike
0-1: Ball
1-1: SINGLE (Flyball, 89S, EV 91.9 MPH)
Batting: RHB Jose Conde 0-0: Called Strike
0-1: Ball
1-1: Ball
2-1: Fly out, F8 (Flyball, 8RM, EV 95.0 MPH)
Batting: RHB Dan Sorrow 0-0: Called Strike
0-1: SINGLE (Groundball, 56, EV 91.2 MPH) (infield hit)
Erik Nunez to second
Batting: RHB Ted Emmerich 0-0: Called Strike
0-1: Foul Ball, location: 2F
0-2: Ball
1-2: Foul Ball, location: 2F
1-2: SINGLE (Line Drive, 9S, EV 113.1 MPH)
Erik Nunez to third
Dan Sorrow to second
Batting: LHB Nelis Geurts 0-0: Hit by Pitch
Erik Nunez scores
Dan Sorrow to third
Ted Emmerich to second
Batting: RHB Josh Graham 0-0: Fly out, F9 (Flyball, 9S, EV 75.6 MPH)
Batting: RHB Curt Stallings 0-0: Ball
Wild Pitch!
Dan Sorrow scores
Ted Emmerich to third
Nelis Geurts to second
1-0: Foul Ball, location: 2F
1-1: Ground out 5-3 (Groundball, 56S, EV 89.4 MPH)
Top of the 8th over - 4 runs, 5 hits, 0 errors, 2 left on base; Lowell 21 - Mahoning Valley 4
BOTTOM OF THE 8TH
Mahoning Valley Scrappers batting - Pitching for Lowell Spinners : RHP Larry Cassano
Pitching: RHP Jose Abanto
Batting: LHB Tommy Williams 0-0: Called Strike
0-1: Swinging Strike
0-2: Ball
1-2: Ball
2-2: Foul Ball, location: 2F
2-2: Foul Ball, location: 2F
2-2: Fly out, F8 (Flyball, 8LM, EV 85.0 MPH)
Pinch Hitting: LHB Casper Kersten 0-0: Ball
1-0: Ball
2-0: Foul Ball, location: 2F
2-1: Ball
3-1: Foul Ball, location: 2F
3-2: Base on Balls
Batting: RHB Zachary Sidney 0-0: Foul Ball, location: 2F
0-1: Fly out, F3 (Popup, 3S, EV 87.5 MPH)
Batting: RHB David Young 0-0: Ground out 6-3 (Groundball, 4MS, EV 70.6 MPH)
Bottom of the 8th over - 0 runs, 0 hits, 0 errors, 1 left on base; Lowell 21 - Mahoning Valley 4
TOP OF THE 9TH
Lowell Spinners batting - Pitching for Mahoning Valley Scrappers : RHP Allen Wozniak
Now at 3B: Casper Kersten
Now at SS: Egidius Kruger
Batting: SHB Eric Evans 0-0: Ball
1-0: Foul Ball, location: 2F
1-1: Ball
2-1: Foul Ball, location: 2F
2-2: Strikes out swinging
Pinch Hitting: RHB Greg Shkolnik 0-0: DOUBLE (Groundball, 5L, EV 102.5 MPH)
Pitching: RHP Chris Yancey
Batting: RHB Erik Nunez 0-0: Ball
1-0: Ball
2-0: Called Strike
2-1: Swinging Strike
2-2: Ground out 5-3 (Groundball, 5, EV 90.0 MPH)
Batting: RHB Jose Conde 0-0: Ball
Balk!
Greg Shkolnik to third
1-0: Foul Ball, location: 2F
1-1: Ball
Wild Pitch!
Greg Shkolnik scores
2-1: Ground out 6-3 (Groundball, 56, EV 97.5 MPH)
Top of the 9th over - 1 run, 1 hit, 0 errors, 0 left on base; Lowell 22 - Mahoning Valley 4
BOTTOM OF THE 9TH
Mahoning Valley Scrappers batting - Pitching for Lowell Spinners : RHP Jose Abanto
Now at C: Greg Shkolnik
Batting: RHB Nelson Trujillo 0-0: Ground out 5-3 (Groundball, 5L, EV 104.4 MPH)
Batting: RHB Edolf Vlemmings 0-0: Called Strike
0-1: SINGLE (Groundball, 6MD, EV 110.6 MPH)
Batting: RHB Egidius Kruger 0-0: Called Strike
0-1: Called Strike
0-2: Fly out, F8 (Line Drive, 8RM, EV 95.6 MPH)
Batting: RHB Mike Sims 0-0: Ball
1-0: Ball
2-0: Ball
3-0: Base on Balls
Edolf Vlemmings to second
Batting: RHB Alex Salerno 0-0: Called Strike
0-1: Foul Ball, location: 2F
0-2: Foul Ball, location: 2F
0-2: Ball
1-2: Foul Ball, location: 2F
1-2: Strikes out swinging
Bottom of the 9th over - 0 runs, 1 hit, 0 errors, 2 left on base; Lowell 22 - Mahoning Valley 4
Wednesday, June 22nd , 2022 - OOTP Baseball 23.4 Build 64